 Seeded DCSS version 0.29.1-15-g9cfb28693d (webtiles) character file.

Game seed: 13097244426000423620 (custom seed)

33550 Giavanni the Brawler (level 13, -2/115 HPs)
             Began as a Troll Fighter on Mar 31, 2023.
             Was the Champion of Jiyva.
             Slain by Agnes
             ... wielding a +1 lajatang of distortion
              (24 damage)
             ... on level 14 of the Dungeon.
             The game lasted 00:12:54 (10423 turns).

Giavanni the Brawler (Troll Fighter)               Turns: 10423, Time: 00:12:55

Health: -2/115     AC: 20    Str: 29    XL:     13   Next: 37%
Magic:  9/12       EV:  6    Int:  2    God:    Jiyva [******]
Gold:   630        SH: 11    Dex: 17    Spells: 12/12 levels left

rFire   + . .      SeeInvis .     - Unarmed
rCold   + . .      Faith    .   b - +0 kite shield
rNeg    . . .      Spirit   .   u - +9 scales of the Dragon King {rPois rF+ rC+ Will+}
rPois   +          Reflect  .   (helmet restricted)
rElec   .          Harm     .   (no cloak)
rCorr   +          Rampage  .   (gloves unavailable)
Will    +....                   (boots unavailable)
Stlth   ..........              N - amulet of regeneration
HPRegen 3.49/turn               F - +4 ring of slaying
MPRegen 0.63/turn               (no ring)

@: slimy, calling ooze
A: large, unfitting armour, claws 3, regeneration 1, shaggy fur 1, tough skin 1,
agile 2, wild magic 2, eyeballs 2, pseudopods 3, MP-powered wands, sturdy frame
2
a: Renounce Religion, Oozemancy, Slimify


You were on level 14 of the Dungeon.
You worshipped Jiyva.
Jiyva was exalted by your worship.
You visited 1 branch of the dungeon, and saw 14 of its levels.
You also visited: Sewer.

You collected 630 gold pieces.

Inventory:

Missiles
 j - a throwing net (quivered)
Armour
 a - a +0 robe
 b - a +0 kite shield (worn)
 u - the +9 scales of the Dragon King (worn) {rPois rF+ rC+ Will+}
   (You found it on level 3 of the Dungeon)

   rF:        It protects you from fire.
   rC:        It protects you from cold.
   rPois:     It protects you from poison.
   Will:      It increases your willpower.
Jewellery
 l - a ring of ice
 p - a ring of poison resistance
 x - an amulet of guardian spirit
 F - a +4 ring of slaying (left claw)
 H - a ring of wizardry
 I - a +4 ring of evasion
 N - an amulet of regeneration (around neck)
 P - an amulet of guardian spirit
Wands
 C - a wand of polymorph (8)
 E - a wand of digging (6)
 G - a wand of roots (13)
 O - a wand of flame (21)
 Q - a wand of mindburst (10)
Scrolls
 c - 2 scrolls of fear {unknown}
 f - 4 scrolls of fog {unknown}
 g - a scroll of blinking {unknown}
 h - 12 scrolls of identify {unknown}
 i - 2 scrolls of enchant armour {unknown}
 k - 5 scrolls of amnesia {unknown}
 n - 2 scrolls of silence {unknown}
 w - a scroll of enchant weapon {unknown}
 y - 5 scrolls of teleportation {unknown}
 A - a scroll of summoning {unknown}
 B - a scroll of poison {unknown}
 K - a scroll of torment {unknown}
 L - 2 scrolls of brand weapon {unknown}
 M - a scroll of noise {unknown}
Potions
 d - 3 potions of degeneration {unknown}
 e - a potion of resistance {unknown}
 m - 4 potions of brilliance {unknown}
 o - 2 potions of invisibility {unknown}
 q - 3 potions of mutation {unknown}
 r - 6 potions of heal wounds {unknown}
 s - 3 potions of haste {unknown}
 t - 2 potions of cancellation {unknown}
 v - 3 potions of flight {unknown}
 z - a potion of curing
 D - a potion of attraction {unknown}
 J - a potion of might


   Skills:
 + Level 4.3 Fighting
 + Level 7.1 Armour
 + Level 4.4 Dodging
 + Level 3.2 Stealth
 + Level 7.8 Shields
 * Level 18.1 Unarmed Combat


You had 12 spell levels left.
You didn't know any spells.
Your spell library contained the following spells:

 Spells                   Type           Power      Damage    Failure   Level
 Apportation              Tloc           0%         N/A       100%        1
 Necrotise                Necr           0%         1d4       100%        1
 Summon Small Mammal      Summ           0%         N/A       100%        1
 Sublimation of Blood     Necr           0%         N/A       100%        2
 Wereblood                Tmut           0%         N/A       100%        2
 Call Canine Familiar     Summ           0%         N/A       100%        3
 Portal Projectile        Hex/Tloc       0%         N/A       100%        3
 Summon Guardian Golem    Hex/Summ       0%         N/A       100%        3
 Animate Dead             Necr           0%         N/A       100%        4
 Leda's Liquefaction      Hex/Erth       0%         N/A       100%        4
 Haunt                    Necr/Summ      0%         N/A       100%        7
 Summon Hydra             Summ           0%         N/A       100%        7
 Infestation              Necr           0%         N/A       100%        8


Dungeon Overview and Level Annotations

Branches:
Dungeon (14/15)            Temple (0/1) D:7            Lair (0/5) D:8
    Orc (0/2) D:12         Vaults (0/5) D:13          Sewer (visited)

Altars:
Hepliaklqana
Okawaru
Qazlal
Ru
Yredelemnul
The Shining One

Shops:
D:12 [(

Annotations:
D:9 3 runed translucent doors
D:14 Agnes, Louise


Innate Abilities, Weirdness & Mutations

You are too large for most types of armour.
You have claws for hands.
Your natural rate of healing is unusually fast.
You are covered in fur. (AC +1)
You have tough skin. (AC +1)
You are very agile. (Dex +8, Str/Int -2)
Your spells are harder to cast, but more powerful.
Your body has grown many eyes which may confuse attackers. (Acc +5)
Armour fits poorly on your massive pseudopods.
You expend magic power (3 MP) to strengthen your wands.
Your movements are less encumbered by armour. (ER -4)


Message History

It stops flaming.
The centaur warrior hits you.
* * * LOW HITPOINT WARNING * * *
The centaur warrior closely misses you.
The wall burns the centaur!
The walls burn Agnes!
You block Agnes's attack.
The vampire moves out of view.
Unknown command.
Unknown command.
You miss Agnes. Your bludgeon misses Agnes.
Agnes is heavily wounded.
The wall burns the centaur!
The walls burn Agnes!
You block Agnes's attack.
The walls burn the centaur warrior!
The wall burns the centaur!
A centaur comes into view. It is carrying a wand of digging (2).
Unknown command.
Unknown command.
You closely miss Agnes. Your bludgeon misses Agnes.
Agnes is heavily wounded.
The walls burn Agnes!
You block Agnes's attack.
The wall burns the centaur!
The walls burn the centaur!
The centaur unwields a +0 shortbow.
The centaur hits you.
* * * LOW HITPOINT WARNING * * *
The centaur closely misses you.
The walls burn the centaur warrior!
The centaur warrior hits you but does no damage.
The centaur warrior kicks you but does no damage.
The walls burn Agnes!
Agnes hits you with a +1 lajatang of distortion!
* * * LOW HITPOINT WARNING * * *
Space warps around you.
* * * LOW HITPOINT WARNING * * *
The wall burns the centaur!
Unknown command.
Unknown command.
Unknown command.
You feel better.
The walls burn the centaur warrior!
You kill the centaur warrior!
The walls burn the centaur!
You kill the centaur!
The walls burn Agnes!
You block Agnes's attack.
The wall burns Louise!
You block Louise's attack.
The wall burns the centaur!
You feel better.
The walls burn Agnes!
Agnes hits you with a +1 lajatang of distortion!!
You die...

..######.......
...........####
...........#...
...........#...
...........#...
...........###'
##############..........
..#..>..)).....#...######.
......c@i@.....#...'....#.
..8.8..c####...'...#....#.
......c.# #...#...##...#.
8...c.8.# #...#.)..#...#.
....V...# #...#..))# ..#.
8†....8.# #...#....# ..#.
......cc# #...#....# .#
..8.8.... ....#....# ..
......... .....#....#


You could see Louise (reflecting), Agnes, a centaur warrior, a vampire and 3
centaurs.

Vanquished Creatures
  2 vault guards (D:13)
  A boulder beetle (D:12)
  2 two-headed ogres
  8 centaur warriors
  A death knight (D:14)
  2 tengu warriors
  An orc knight (D:12)
  2 deep elf pyromancers
  2 manticores (D:13)
  5 ugly things (D:14)
  A cyclops (D:10)
  An elephant (D:8)
  11 centaur zombies (D:13)
  An ice statue (D:9)
  2 gargoyles
  3 freezing wraiths (D:14)
  A redback zombie (D:13)
  3 trolls
  A hornet (D:10)
  A meliai zombie (D:13)
  A vampire (D:11)
  Sigmund (D:2)
  2 shadows
  5 wraiths
  2 wyverns (D:9)
  10 yaks
  9 humans (D:13)
  11 vampire mosquitoes
  4 basilisks
  3 acid dragons
  2 sky beasts
  7 orc warriors
  5 black bears
  2 ice beasts
  2 ogres
  10 centaurs
  A phantom (D:7)
  3 bullfrogs
  4 kobold brigands
  A scorpion (D:4)
  10 wights
  5 killer bees (D:9)
  3 howler monkeys
  3 jellies (Sewer)
  8 orc priests
  Crazy Yiuf (D:5)
  2 hounds (D:5)
  An iguana (D:7)
  A boggart zombie (D:13)
  Terence (D:2)
  4 orc wizards
  Robin (D:2)
  11 adders
  A river rat (Sewer)
  A shadow imp (D:7)
  A white imp (D:6)
  An ufetubus (D:5)
  A worm (D:5)
  2 dart slugs
  30 orcs
  5 ball pythons
  9 endoplasms
  8 giant cockroaches
  14 goblins
  12 hobgoblins
  18 kobolds
  A quokka (D:1)
  5 bats
  5 frilled lizards
  10 rats
311 creatures vanquished.

Vanquished Creatures (collateral kills)
  2 boulder beetles
  2 centaur warriors (D:13)
4 creatures vanquished.

Vanquished Creatures (others)
  Kirke (D:12)
  3 slime creatures (D:14)
  2 humans
  2 centaurs (D:14)
  A phantom (D:4)
  A wight (D:6)
  16 jellies
  A hound (D:4)
  An iguana (D:7)
  7 orc wizards
  2 adders
  A shadow imp (D:7)
  An ufetubus (D:5)
  18 orcs
  2 ball pythons (D:4)
  An endoplasm (D:4)
  A hobgoblin (D:4)
  A quokka (D:4)
  A goblin (D:4)
  4 kobolds
67 creatures vanquished.

Grand Total: 382 creatures vanquished

Notes
Turn   | Place    | Note
-------+----------+-------------------------------------------
     0 | D:1      | Giavanni the Troll Fighter began the quest for the Orb.
     0 | D:1      | Reached XP level 1. HP: 22/22 MP: 0/0
   125 | D:1      | Reached XP level 2. HP: 29/29 MP: 1/1
   752 | D:2      | Noticed Sigmund
   765 | D:2      | Killed Sigmund
   766 | D:2      | Reached skill level 3 in Unarmed Combat
   766 | D:2      | Reached XP level 3. HP: 12/37 MP: 2/2
   766 | D:2      | Reached XP level 4. HP: 14/45 MP: 3/3
   766 | D:2      | Reached XP level 5. HP: 17/53 MP: 4/4
   983 | D:2      | Noticed Robin
  1003 | D:2      | Killed Robin
  1226 | D:2      | Noticed Terence
  1245 | D:2      | Killed Terence
  1246 | D:2      | Reached skill level 4 in Unarmed Combat
  1661 | D:3      | Reached XP level 6. HP: 58/61 MP: 5/5
  1751 | D:3      | Found a glowing drain.
  1766 | Sewer    | Entered a sewer
  1927 | Sewer    | Found a viscous altar of Jiyva.
  1970 | Sewer    | Reached skill level 5 in Unarmed Combat
  1993 | Sewer    | Became a worshipper of Jiyva Johyc the Shapeless
  2468 | D:3      | Found the +9 scales of the Dragon King {rPois rF+ rC+
                  | Will+}
  2656 | D:4      | Reached XP level 7. HP: 67/67 MP: 6/6
  2674 | D:4      | Reached skill level 6 in Unarmed Combat
  2720 | D:4      | Reached * piety under Jiyva
  2826 | D:4      | Found an iron altar of Okawaru.
  3184 | D:5      | Entered Level 5 of the Dungeon
  3364 | D:5      | Reached ** piety under Jiyva
  3384 | D:5      | Found a stormy altar of Qazlal.
  3550 | D:5      | Found a runed translucent door.
  3551 | D:5      | Noticed Crazy Yiuf
  3560 | D:5      | Killed Crazy Yiuf
  3561 | D:5      | Reached skill level 7 in Unarmed Combat
  3614 | D:5      | Reached XP level 8. HP: 74/75 MP: 7/7
  3772 | D:5      | Reached skill level 1 in Armour
  4244 | D:6      | Reached skill level 8 in Unarmed Combat
  4250 | D:6      | Reached *** piety under Jiyva
  4482 | D:6      | Reached skill level 9 in Unarmed Combat
  4572 | D:6      | Gained mutation: Your body has grown eyes which may confuse
                  | attackers. (Acc +3) [Jiyva's grace]
  4572 | D:6      | Gained mutation: Your body has grown many eyes which may
                  | confuse attackers. (Acc +5) [Jiyva's grace]
  4572 | D:6      | Gained mutation: Your body is covered in eyes which may
                  | confuse attackers. (Acc +7, SInv) [Jiyva's grace]
  4572 | D:6      | Gained mutation: You are covered in thick fur. (AC +2)
                  | [Jiyva's grace]
  4660 | D:6      | Found a hazy altar of Hepliaklqana.
  4973 | D:7      | Found a staircase to the Ecumenical Temple.
  5001 | D:7      | Reached XP level 9. HP: 83/83 MP: 8/8
  5010 | D:7      | Reached **** piety under Jiyva
  5062 | D:7      | Found a sacrificial altar of Ru.
  5337 | D:7      | Reached skill level 10 in Unarmed Combat
  5618 | D:7      | Found a glowing golden altar of the Shining One.
  5686 | D:8      | Reached skill level 5 in Shields
  5871 | D:8      | Noticed an elephant
  5890 | D:8      | Reached ***** piety under Jiyva
  5910 | D:8      | Killed an elephant
  5911 | D:8      | Reached skill level 11 in Unarmed Combat
  5918 | D:8      | Reached XP level 10. HP: 75/91 MP: 9/9
  5945 | D:8      | Found a staircase to the Lair.
  6254 | D:9      | Reached skill level 12 in Unarmed Combat
  6390 | D:9      | Lost mutation: Your body is covered in eyes which may
                  | confuse attackers. (Acc +7, SInv) [Jiyva's grace]
  6390 | D:9      | Gained mutation: Your movements are slightly less
                  | encumbered by armour. (ER -2) [Jiyva's grace]
  6390 | D:9      | Gained mutation: Your movements are less encumbered by
                  | armour. (ER -4) [Jiyva's grace]
  6390 | D:9      | Gained mutation: Your movements are significantly less
                  | encumbered by armour. (ER -6) [Jiyva's grace]
  6390 | D:9      | Gained mutation: You expend magic power (3 MP) to
                  | strengthen your wands. [Jiyva's grace]
  6426 | D:9      | Reached skill level 1 in Stealth
  6498 | D:9      | Found a runed translucent door.
  6517 | D:9      | Found a runed translucent door.
  6530 | D:9      | Found a runed translucent door.
  6545 | D:9      | Noticed an ice statue
  6554 | D:9      | Found a runed translucent door.
  6558 | D:9      | Killed an ice statue
  6627 | D:9      | Noticed a boulder beetle
  6635 | D:9      | Killed a boulder beetle
  7041 | D:10     | Entered Level 10 of the Dungeon
  7053 | D:10     | Reached skill level 13 in Unarmed Combat
  7384 | D:10     | Noticed a cyclops
  7391 | D:10     | Killed a cyclops
  7822 | D:11     | Noticed a two-headed ogre
  7829 | D:11     | Killed a two-headed ogre
  7830 | D:11     | Reached XP level 11. HP: 98/98 MP: 10/10
  7836 | D:11     | Reached skill level 14 in Unarmed Combat
  8281 | D:11     | Reached ****** piety under Jiyva
  8607 | D:12     | Noticed a centaur warrior
  8614 | D:12     | Killed a centaur warrior
  8615 | D:12     | Reached skill level 5 in Armour
  8646 | D:12     | Noticed a four-headed hydra
  8650 | D:12     | Slimified a four-headed hydra
  8650 | D:12     | Noticed an azure jelly
  8650 | D:12     | a four-headed hydra changed into an azure jelly
  8664 | D:12     | Lost mutation: You are covered in thick fur. (AC +2)
                  | [Jiyva's grace]
  8664 | D:12     | Gained mutation: Armour fits poorly on your pseudopods.
                  | [Jiyva's grace]
  8664 | D:12     | Gained mutation: Armour fits poorly on your large
                  | pseudopods. [Jiyva's grace]
  8664 | D:12     | Gained mutation: Armour fits poorly on your massive
                  | pseudopods. [Jiyva's grace]
  8664 | D:12     | Gained mutation: Your body is covered in eyes which may
                  | confuse attackers. (Acc +7, SInv) [Jiyva's grace]
  8776 | D:12     | Noticed an eight-headed hydra
  8781 | D:12     | Slimified an eight-headed hydra
  8781 | D:12     | Noticed an azure jelly
  8781 | D:12     | an eight-headed hydra changed into an azure jelly
  8781 | D:12     | Noticed Kirke
  8786 | D:12     | Killed Kirke
  8841 | D:12     | Noticed a boulder beetle
  8862 | D:12     | Killed a boulder beetle
  8983 | D:12     | Noticed a deep elf pyromancer
  8990 | D:12     | Killed a deep elf pyromancer
  8991 | D:12     | Reached skill level 15 in Unarmed Combat
  9093 | D:12     | Found Kyafeu Pysa's Weapon Boutique.
  9095 | D:12     | Found a staircase to the Orcish Mines.
  9101 | D:12     | Found Joufit Pogee's Armour Boutique.
  9234 | D:12     | Noticed an orc knight
  9244 | D:12     | Killed an orc knight
  9416 | D:13     | Noticed a tengu warrior
  9423 | D:13     | Killed a tengu warrior
  9472 | D:13     | Noticed a two-headed ogre
  9473 | D:13     | Noticed a centaur warrior
  9480 | D:12     | Killed a two-headed ogre
  9481 | D:12     | Reached XP level 12. HP: 62/107 MP: 11/11
  9496 | D:13     | Noticed a centaur warrior
  9501 | D:13     | Killed a centaur warrior
  9505 | D:13     | Killed a centaur warrior
  9534 | D:13     | Noticed a centaur warrior
  9539 | D:13     | Killed a centaur warrior
  9540 | D:13     | Reached skill level 16 in Unarmed Combat
  9558 | D:13     | Noticed a boulder beetle
  9558 | D:13     | Noticed a centaur warrior
  9567 | D:13     | Killed a boulder beetle
  9568 | D:13     | Killed a centaur warrior
  9570 | D:13     | Noticed a centaur warrior
  9572 | D:13     | Killed a centaur warrior
  9696 | D:13     | Noticed a centaur warrior
  9704 | D:13     | Killed a centaur warrior
  9862 | D:13     | Lost mutation: Your body is covered in eyes which may
                  | confuse attackers. (Acc +7, SInv) [Jiyva's grace]
  9862 | D:13     | Lost mutation: Your movements are significantly less
                  | encumbered by armour. (ER -6) [Jiyva's grace]
  9862 | D:13     | Gained mutation: You are agile. (Dex +4, Str/Int -1)
                  | [Jiyva's grace]
  9862 | D:13     | Gained mutation: You are very agile. (Dex +8, Str/Int -2)
                  | [Jiyva's grace]
  9862 | D:13     | Gained mutation: Your spells are a little harder to cast,
                  | but a little more powerful. [Jiyva's grace]
  9862 | D:13     | Gained mutation: Your spells are harder to cast, but more
                  | powerful. [Jiyva's grace]
  9914 | D:13     | Reached skill level 17 in Unarmed Combat
  9942 | D:13     | Found a basalt altar of Yredelemnul.
  9991 | D:13     | Noticed a centaur warrior
  9999 | D:13     | Killed a centaur warrior
 10065 | D:13     | Noticed a vault guard
 10071 | D:13     | Noticed a vault guard
 10074 | D:13     | Killed a vault guard
 10075 | D:13     | Reached XP level 13. HP: 100/114 MP: 12/12
 10115 | D:13     | Found a gate to the Vaults.
 10395 | D:14     | Reached skill level 18 in Unarmed Combat
 10409 | D:14     | Noticed Louise
 10409 | D:14     | Noticed Agnes
 10421 | D:14     | HP: 4/115 [Agnes/+1 lajatang of distortion (17)]
 10421 | D:14     | HP: 1/115 [Agnes/+1 lajatang of distortion (3)]
 10423 | D:14     | Slain by Agnes

Illustrated notes

Levels and vault maps discovered:
D:1:      lightli_arrival_chessboard, layout_basic, grunt_decor_resistance
D:2:      minmay_chambers_of_ones, layout_loops_ring, uniq_sigmund, uniq_robin,
          uniq_terence
D:3:      layout_loops_cross, portal_sewer_entry_a
D:4:      layout_loops_ring, lemuel_coloured_pillars_altar
D:5:      layout_basic, nicolae_qazlal_eye_of_the_storm, uniq_crazy_yiuf_cottage
D:6:      layout_basic, lemuel_doored_altar
D:7:      layout_basic, tso_altar, mainiacjoe_overflow_boulevard,
          minmay_temple_entry_slanted, minmay_misc_feat_tower,
          grunt_ministairs_9
D:8:      layout_cave_pools, david_lair_generic
D:9:      layout_basic, minmay_statue_crystal_thing
D:10:     layout_gridville
D:11:     layout_roguey, serial_bayou_lagoon_a
D:12:     layout_stronghold, orc_david_3, drop_trap, uniq_kirke
D:13:     minmay_inner_zag, layout_rooms, ximxim_vaults_locker_room,
          interstate_on_off, nicolae_yredelemnul_corpse_copse
D:14:     layout_irregular_city, minivault_1, nicolae_uskayaw_dance_hall,
          uniq_agnes, uniq_louise

Skill      XL: |  1  2  3  4  5  6  7  8  9 10 11 12 13 |
---------------+----------------------------------------+-----
Fighting       | 3 4 |  4.3
Dodging        | 3 4 |  4.4
Shields        | 3 4 5 6 7 |  7.8
Unarmed Combat | 3 4 5 7 9 11 13 15 17 18 | 18.1
Armour         | 2 3 4 5 7 |  7.1
Stealth        | 1 2 3 |  3.2

Action                   |  1- 3 |  4- 6 |  7- 9 | 10-12 | 13-15 || total
-------------------------+-------+-------+-------+-------+-------++-------
Melee: Unarmed           |    50 |   200 |   232 |   369 |    89 ||   940
       Pseudopods        |       |       |       |    54 |    19 ||    73
Invok: Slimify           |       |       |       |     2 |     1 ||     3
       Oozemancy         |       |       |       |       |     1 ||     1
  Use: Potion            |     1 |       |       |       |     3 ||     4
 Stab: Confused          |       |       |     3 |    16 |     8 ||    27
Armor: Robe              |     7 |    42 |       |       |       ||    49
       Gold dragon scale |       |     5 |   199 |   268 |    56 ||   528
Dodge: Dodged            |    12 |    61 |    24 |    84 |    18 ||   199
Block: Kite shield       |    14 |    57 |    93 |   157 |    63 ||   384
